Match 46170833
Unlisted

Match 46170833
End
Engineer Squad
Construct Weapon Support Center
Sniper
Bazooka Squad
Construct Medical Station
Construct Medical Station
Construct Medical Station
M1919 Machine Gun Team
M1919 Machine Gun Team
Infantry Support Center
Selects Advanced Infantry Battlegroup
Selects Ammunition Storage
Bazooka Squad
Improved M9 Bazooka Rockets
.30 cal Machine Gun
Brick_man
Nester
做动画的夏阳君
Jork Sparra
gghhhjjkkll
BOMB BOMB
LH
RustyNails
0
0

Comments sign in to comment!

No comments posted yet!